 Dungeon Crawl Stone Soup version 0.29-a0-266-gf56f883ddd (webtiles) character file.

Game seed: 6694890808902505791

25 spaghetti the Ruffian (level 3, -3/34 HPs)
             Began as a Naga Chaos Knight on Mar 7, 2022.
             Was a Plaything of Xom.
             Slain by Natasha (8 damage)
             ... on level 2 of the Dungeon.
             The game lasted 00:01:28 (1218 turns).

spaghetti the Ruffian (Naga Chaos Knight)           Turns: 1218, Time: 00:01:29

Health: -3/34      AC:  4    Str: 16    XL:     3   Next: 4%
Magic:  3/3        EV:  9    Int: 12    God:    Xom [......]
Gold:   51         SH:  0    Dex: 10    Spells: 2/2 levels left

rFire   . . .      SeeInvis +     - Unarmed
rCold   . . .      Faith    .   (no shield)
rNeg    . . .      Spirit   .   a - +2 leather armour
rPois   +          Reflect  .   (no helmet)
rElec   .          Harm     .   (no cloak)
rCorr   .          Rampage  .   (no gloves)
Will    .....                   (no barding)
Stlth   +.........              (no amulet)
HPRegen 0.11/turn               (no ring)
MPRegen 0.08/turn               (no ring)

@: mighty, short of breath, slowed, very slow
A: AC +1, large, see invisible, deformed body, poison resistance, slowness 2,
spit poison 1, naga tail 1
a: Spit Poison, Renounce Religion


You were on level 2 of the Dungeon.
You worshipped Xom.
You were a very special plaything of Xom.
You visited 1 branch of the dungeon, and saw 2 of its levels.

You collected 51 gold pieces.


Innate Abilities, Weirdness & Mutations

Your serpentine skin is tough. (AC +1)
You have supernaturally acute eyesight. (SInv)
Armour fits poorly on your strangely shaped body.
Your system is resistant to poisons. (rPois)
You cover ground very slowly.
You can spit poison.
You have a snake-like lower body.


   Skills:
 - Level 3.0 Fighting
 + Level 1.5 Throwing
 - Level 1.5 Armour
 - Level 0.7 Dodging
 + Level 3.6 Unarmed Combat


You had 2 spell levels left.
You didn't know any spells.
Your spell library was empty.

Inventory:

Missiles
 e - 9 javelins (quivered) {throwing}
 g - 118 stones {throwing}
Armour
 a - a +2 leather armour (worn)
Magical Staves
 h - a staff of conjuration {!a@e2staff}
   (You found it on level 1 of the Dungeon)
Jewellery
 l - a ring of willpower
   (You found it on level 1 of the Dungeon)
Scrolls
 c - a scroll of teleportation {@r4}
 j - a scroll of brand weapon
 n - a scroll of amnesia
Potions
 d - a potion of heal wounds {unknown}
 f - a potion of might
 i - 4 potions of degeneration {unknown}
 m - a potion of haste {unknown}
Miscellaneous
 b - a piece from Xom's chessboard (15/15)

Dungeon Overview and Level Annotations

Branches:
Dungeon (2/15)

Altars:

Annotations:
D:2 Natasha

. #.#.....###.###
♣♣ ♣.#.#
#.#.#.#####†#
....
#.#.#.......#
...##.#.#.#######
...#...###
..###.# ..##.#
#h##.# #@.#.#
##.#.# #...#
##..# #..# ##.#
#.# #.# #.#


You could see Natasha (poisoned).


Message History

An endoplasm comes into view.
The ball python hisses angrily.
The endoplasm quivers.
The hobgoblin hits you but does no damage.
You closely miss the hobgoblin. The hobgoblin closely misses you.
You hit the hobgoblin. The hobgoblin hits you. 😕 HP[-4]
You take 4 damage, and now have 24/28 hp.
You hit the hobgoblin but do no damage. The hobgoblin closely misses you.
You hit the hobgoblin.
You kill the hobgoblin!
You closely miss the ball python. The ball python barely misses you. x2
You closely miss the ball python.
The ball python bites you but does no damage.
You hit the ball python.
You kill the ball python!
You hear Xom's avuncular chuckle.
The endoplasm is moving more slowly.
You are now a very special plaything of Xom.
Unknown command.
Unknown command.
You punch the endoplasm! The endoplasm closely misses you.
You catch the helpless endoplasm completely off-guard!
You hit the endoplasm.
You kill the endoplasm!
You have reached level 3!
Your experience leads to an increase in your attributes!
Increase (S)trength, (I)ntelligence, or (D)exterity?
You feel stronger. x2; Your skin feels tougher. 😕 HP[+5] MP[+1]
You now have 34 max hp (+6).
You regained 5 hp, and now have 29/34 hp.
Your mp is fully restored (3).
You see here a ball python corpse.
Key pressed, stopping explore.
Found a stone staircase leading up. 😎 HP[+5]
Your hp is fully restored (34).
Key pressed, stopping explore.
A ball python comes into view.
The ball python hisses angrily.
A ball python is nearby!
A ball python is nearby!
You barely miss the ball python. The ball python bites you. 😕 HP[-2]
You take 2 damage, and now have 32/34 hp.
You punch the ball python!
You kill the ball python!
No target in view!
No target in view!
No target in view!
No target in view!
No target in view!
No target in view!
No target in view!
No target in view!
You see here a ball python corpse.
Found a stone staircase leading down. 😎 HP[+2]
Your hp is fully restored (34).
There is a stone staircase leading down here.
You now have 51 gold pieces (gained 16).
Key pressed, stopping explore.
Natasha, Servant of Life and Death comes into view.
Natasha stares at you and mumbles some strange words.
You feel yourself slow down. Natasha claws you. 😕 HP[-4]
You take 4 damage, and now have 30/34 hp.
You closely miss Natasha. Natasha barely misses you.
Natasha claws you! 😮 HP[-7]
You take 7 damage, and now have 23/34 hp.
MASSIVE DAMAGE!! (PAUSE) Unknown command.
You are too injured to fight recklessly!
You completely miss Natasha. Natasha claws you. 😮 HP[-4]
You take 4 damage, and now have 19/34 hp.
You barely miss Natasha. Natasha claws you.
* * * LOW HITPOINT WARNING * * *
😨 HP[-5]
You take 5 damage, and now have 14/34 hp.
You barely miss Natasha. Natasha barely misses you. Natasha claws you.
* * * LOW HITPOINT WARNING * * *
😨 HP[-3]
You take 3 damage, and now have 11/34 hp.
Unknown command.
Aiming: Spit Poison (2% risk of failure)
Press: ? - help, Shift-Dir - straight line, f - Natasha
Aim: Natasha (50% to hit)
The splash of poison hits Natasha.
Natasha is poisoned.
Natasha claws you!
* * * LOW HITPOINT WARNING * * *
😱 HP[-6]
You take 6 damage, and now have 5/34 hp.
It was a potion of might.
You feel very mighty all of a sudden.
Xom thinks this is hilarious!
Natasha closely misses you. Natasha barely misses you.
You hit Natasha but do no damage. Natasha claws you!
You die...

Skill      XL: |  1  2 |
---------------+-------+-----
Throwing       | 1 |  1.5
Fighting       | |  3.0
Armour         | |  1.5
Dodging        | |  0.7
Unarmed Combat | |  3.6

Action                   || total
-------------------------++-------
Melee: Unarmed           ||    48
       Punch             ||     1
 Abil: Spit Poison       ||     7
  Use: Scroll            ||     3
       Potion            ||     1
 Stab: Petrifying        ||     1
Armor: Leather armour    ||     8
Dodge: Dodged            ||    27

Levels and vault maps discovered:
D:1:      psy_arrival_whirlpool, layout_loops_ring, bh_walls_and_bars
D:2:      layout_basic, serial_shops, nicolae_square_shop,
          shapermc_ecumenical_altar_totnotflames, uniq_natasha

Notes
Turn   | Place    | Note
-------+----------+-------------------------------------------
     0 | D:1      | spaghetti the Naga Chaos Knight began the quest for the
                  | Orb.
     0 | D:1      | Reached XP level 1. HP: 21/21 MP: 1/1
     0 | D:1      | magus.rc [v1.9.6]
   197 | D:1      | XOM: divination: detect items
   347 | D:1      | Reached XP level 2. HP: 26/28 MP: 2/2
   352 | D:1      | Reached skill level 1 in Throwing
   641 | D:1      | XOM: silly message
   980 | D:2      | XOM: silly message
  1074 | D:2      | Found a faded altar of an unknown god.
  1094 | D:2      | XOM: enchant monster (good)
  1097 | D:2      | Reached XP level 3. HP: 29/34 MP: 3/3
  1209 | D:2      | Noticed Natasha
  1216 | D:2      | HP: 5/34 [Natasha (7)]
  1218 | D:2      | Slain by Natasha

Vanquished Creatures
  A worm (D:2)
  A dart slug (D:1)
  4 endoplasms
  2 giant cockroaches (D:1)
  3 hobgoblins
  A quokka (D:1)
  5 ball pythons
  A kobold (D:1)
18 creatures vanquished.

Table legend:
 A = Non-vault XP
 B = Vault XP
 C = Vault XP percentage of total XP
 D = Non-vault monster count
 E = Vault monster count
 F = Vault count percentage of total count
                 A         B        C        D         E       F
            +---------+---------+-------+---------+---------+-------
      Total |      36 |       0 |   0.0 |      18 |       0 |   0.0
            +---------+---------+-------+---------+---------+-------
        D:1 |      21 |       0 |   0.0 |      11 |       0 |   0.0
        D:2 |      15 |       0 |   0.0 |       7 |       0 |   0.0
            +---------+---------+-------+---------+---------+-------

Illustrated notes

Table legend:
 A = Kills in this place as a percentage of kills in entire the game.
 B = Kills by you in this place as a percentage of kills by you in the entire game.
 C = Kills by friends in this place as a percentage of kills by friends in the entire game.
 D = Other kills in this place as a percentage of other kills in the entire game.
 E = Experience gained in this place as a percentage of experience gained in the entire game.
 F = Experience gained in this place divided by the number of levels of this place that you have seen.
                   A       B       C       D       E      F
               +-------+-------+-------+-------+-------+----------------------
         Total | 100.0 | 100.0 |   N/A |   N/A | 100.0 |  18.0
       Dungeon | 100.0 | 100.0 |   N/A |   N/A | 100.0 |  18.0
               +-------+-------+-------+-------+-------+----------------------

Table legend: (Time is in decaauts)
 A = Elapsed time spent in this place.
 B = Non-inter-level travel time spent in this place.
 C = Inter-level travel time spent in this place.
 D = Time resting spent in this place.
 E = Time spent auto-exploring this place.
 F = Levels seen in this place.
 G = Mean time per level.
                   A        B        C        D        E       F      G
               +--------+--------+--------+--------+--------+-----+--------+
         Total |   1577 |   1506 |     71 |     84 |   1275 |   2 |  788.5 |
       Dungeon |   1577 |   1506 |     71 |     84 |   1275 |   2 |  788.5 |
               +--------+--------+--------+--------+--------+-----+--------+

Top non-repeatable levels by time:
     D:1: 1261 daAuts
     D:2: 316 daAuts
